 Dungeon Crawl Stone Soup version 0.21-a0-140-g479285b (webtiles) character file.

66 Ladykiller69 the Magician (level 4, -6/30 HPs)
             Began as a Gnoll Wizard on July 19, 2017.
             Killed from afar by an orc wizard (7 damage)
             ... with a puff of flame
             ... on level 3 of the Dungeon.
             The game lasted 00:11:53 (3348 turns).

Ladykiller69 the Magician (Gnoll Wizard)            Turns: 3348, Time: 00:11:53

Health: -6/30      AC:  2    Str:  7    XL:     4   Next: 15%
Magic:  0/11       EV: 12    Int:  7    God:
Gold:   152        SH:  0    Dex:  7    Spells: 8/13 levels left

rFire    . . .     SeeInvis .   n - +0 short sword
rCold    . . .     Gourm    .   (no shield)
rNeg     . . .     Faith    .   a - +0 robe
rPois    .         Spirit   .   b - +0 hat
rElec    .         Reflect  .   (no cloak)
rCorr    .         Harm     .   (no gloves)
MR       .....                  (no boots)
Stlth    ++........             (no amulet)
HPRegen  0.10/turn              (no ring)
MPRegen  0.12/turn              (no ring)

@: very slow
A: unchanging attributes, fangs 1, strong nose
a: no special abilities


You were on level 3 of the Dungeon.
You were near starving.

You visited 1 branch of the dungeon, and saw 3 of its levels.

You collected 152 gold pieces.

Inventory:

Hand Weapons
 n - a +0 short sword (weapon)
Armour
 a - a +0 robe (worn)
 b - a +0 hat (worn)
Jewellery
 i - a +6 ring of evasion {unknown}
 l - a cursed ring of protection from cold {unknown}
Scrolls
 h - a scroll of blinking {unknown}
 j - a scroll of fear {unknown}
 k - a scroll of recharging {unknown}
 m - a scroll of teleportation {unknown}
 p - a scroll of identify {unknown}
Potions
 e - 2 potions of curing {unknown}
Books
 c - a book of Minor Magic

   Spells                             Type                      Level
   a - Magic Dart                     Conjuration                  1
   b - Blink                          Translocation                2
   c - Call Imp                       Summoning                    2
   d - Slow                           Hexes                        2
   e - Conjure Flame                  Conjuration/Fire             3
   f - Mephitic Cloud                 Conjuration/Poison/Air       3
Comestibles
 d - 4 bread rations
 f - 3 meat rations
 g - a royal jelly


   Skills:
 - Level 3.1 Dodging
 - Level 3.0 Stealth
 + Level 5.2 Spellcasting
 * Level 3.6 Conjurations
 - Level 1.3 Summonings
 - Level 1.3 Translocations


You had 8 spell levels left.
You knew the following spells:

 Your Spells              Type           Power        Failure   Level  Hunger
a - Magic Dart            Conj           #...         6%          1    #......
b - Call Imp              Summ           #.......     24%         2    ###....
c - Blink                 Tloc           N/A          24%         2    ###....


Dungeon Overview and Level Annotations

Branches:
Dungeon (3/15)

Altars:
Cheibriados
Dithmenos
Fedhas

Annotations:
D:3 exclusion: 2 jackals, Grinder, Ijyb


Innate Abilities, Weirdness & Mutations

Your physical attributes are unchanging.
You have very sharp teeth.
Your uncanny sense of smell can sniff out nearby items.


Message History

The magic dart hits the orc.
You kill the orc!
The orc wizard points at you and mumbles some strange words.
The magic dart hits you!
* * * LOW HITPOINT WARNING * * *
Casting: Magic Dart
Confirm with . or Enter, or press ? or * to list all spells.
A beastly little devil appears in a puff of flame.
The orc wizard barely misses you. The orc wizard completely misses you.
Your crimson imp hits the orc wizard.
The orc barely misses your crimson imp.
The orc wizard casts a spell.
The orc wizard flickers and vanishes!
A magic dart appears from out of thin air!
The magic dart hits you!
* * * LOW HITPOINT WARNING * * *
Your magical contamination has completely faded away.
A puff of flame appears from out of thin air!
The puff of flame hits you!
You die...

#.# #.# #.........#.#
#.###'###.##......#...
#...+_'...##..........
#.#######.##......#...
#.# ### #.#...#######.
#.#######...#.#
#.........###.#
##.......## #.########
###.@.### ##.........
##5..####..########
#.o.#.....# #.....##.##
########..#..##.##
#................#######.
#..........####..........
#..........# #.###..###.
#..........# #o###.##


You could see an orc and a friendly crimson imp.

Vanquished Creatures
  An adder (D:2)
  An ooze (D:2)
  2 leopard geckos
  2 orcs (D:3)
  A ball python (D:1)
  A giant cockroach (D:2)
  5 goblins
  4 hobgoblins
  3 jackals (D:2)
  3 quokkas
  4 bats
  A frilled lizard (D:1)
  8 kobolds
  3 rats
39 creatures vanquished.

Vanquished Creatures (collateral kills)
  2 giant cockroaches (D:3)
  3 hobgoblins (D:1)
  3 jackals (D:2)
  A frilled lizard (D:2)
  2 kobolds
11 creatures vanquished.

Grand Total: 50 creatures vanquished

Notes
Turn   | Place    | Note
-------+----------+-------------------------------------------
     0 | D:1      | Ladykiller69 the Gnoll Wizard began the quest for the Orb.
     0 | D:1      | Reached XP level 1. HP: 13/13 MP: 5/5
   361 | D:1      | Reached XP level 2. HP: 19/19 MP: 3/7
   537 | D:2      | Learned a level 2 spell: Call Imp
   587 | D:1      | Learned a level 2 spell: Blink
  1793 | D:2      | Reached XP level 3. HP: 24/24 MP: 5/9
  2318 | D:2      | Reached skill level 5 in Spellcasting
  2428 | D:2      | Found a faded altar of an unknown god.
  2475 | D:2      | Became a worshipper of Cheibriados the Contemplative
  2475 | D:2      | Reached * piety under Cheibriados
  2517 | D:2      | Fell from the grace of Cheibriados
  2758 | D:3      | Found a shadowy altar of Dithmenos.
  2780 | D:3      | Reached XP level 4. HP: 30/30 MP: 4/11
  2969 | D:3      | Found a blossoming altar of Fedhas.
  3089 | D:3      | Noticed Grinder
  3138 | D:3      | Noticed Ijyb
  3347 | D:3      | HP: 1/30 [something/magic dart (6)]
  3348 | D:3      | Killed from afar by an orc wizard

Vault maps used:
D:1:      dpeg_arrival_erosion
D:2:      first_bread, chequers_ecumenical_altar_lobes
D:3:      gammafunk_temple_overflow_arena, nicolae_overflow_crystal_walls,
          lemuel_doored_altar, marbit_many_paths, uniq_ijyb, uniq_jessica,
          uniq_natasha, uniq_grinder

Skill      XL: |  1  2  3 |
---------------+----------+-----
Dodging        | 3 |  3.1
Conjurations   | 2 3 |  3.6
Stealth        | 3 |  3.0
Spellcasting   | 5 |  5.2
Summonings     | |  1.3
Translocations | |  1.3

Action                   |  1- 3 |  4- 6 || total
-------------------------+-------+-------++-------
Melee: Unarmed           |     2 |       ||     2
       Short sword       |       |     1 ||     1
 Cast: Magic Dart        |   133 |    34 ||   167
       Call Imp          |     7 |     6 ||    13
Invok: Renounce Religion |     1 |       ||     1
  Eat: Chunk             |     7 |     1 ||     8
       Royal jelly       |     1 |       ||     1
Armor: Robe              |    15 |     6 ||    21
Dodge: Dodged            |    52 |    30 ||    82
